Map: Abyssal Reef LE

Players

MaNa

  • Race: Protoss Protoss
  • Spawn Location: 11:00

TRUE - Winner!

  • Race: Zerg Zerg
  • Spawn Location: 5:00

Event: WCS Jonkoping 2017

VOD

Have the link to the VOD?

Description

Time

  • Played on: June 17, 2017, 2:26 p.m.
  • Length: 8:50

All games in this series

Show
View Real Time Build Order
Export as new Build Order

MaNa Protoss 

Build Orders: 1 Gate Expand, Oracle Opening 

Get SALT Encoding   

  12  0:00  Probe (Chrono Boost)  
  13  0:11  Probe (Chrono Boost)  
  14  0:17  Pylon  
  14  0:22  Probe (Chrono Boost)  
  15  0:35  Probe (Chrono Boost)  
  16  0:38  Gateway  
  16  0:46  Probe (Chrono Boost)  
  17  0:56  Probe (Chrono Boost)  
  18  0:57  Assimilator  
  18  1:07  Probe (Chrono Boost)  
  19  1:17  Probe (Chrono Boost)  
  20  1:25  Nexus  
  20  1:35  Cybernetics Core  
  20  1:38  Probe (Chrono Boost)  
  21  1:43  Assimilator  
  21  1:49  Probe (Chrono Boost)  
  21  1:53  Pylon  
  22  1:59  Probe (Chrono Boost)  
  23  2:11  Probe (Chrono Boost), Stalker  
  23  2:12  Warp Gate  
  26  2:22  Probe (Chrono Boost)  
  27  2:32  Probe (Chrono Boost)  
  27  2:34  Stargate  
  28  2:38  Probe (Chrono Boost)  
  28  2:42  Adept  
  28  2:43  Probe (Chrono Boost)  
  32  2:48  Pylon  
  32  2:49  Probe (Chrono Boost)  
  33  2:59  Probe (Chrono Boost)  
  33  3:00  Probe (Chrono Boost)  
  33  3:05  Twilight Council  
  35  3:10  Probe x2 (Chrono Boost)  
  37  3:20  Probe x2 (Chrono Boost)  
  37  3:26  Oracle (Chrono Boost)  
  42  3:30  Probe  
  42  3:31  Probe  
  44  3:34  Gateway  
  44  3:36  Gateway  
  44  3:42  Pylon  
  44  3:43  Resonating Glaives (Chrono Boost)  
  44  3:46  Probe  
  44  3:47  Probe  
  46  3:58  Pylon  
  46  3:59  Probe  
  46  4:00  Probe  
  48  4:10  Probe  
  48  4:12  Assimilator  
  48  4:13  Probe  
  48  4:15  Adept  
  52  4:27  Nexus  
  52  4:28  Probe  
  52  4:30  Probe  
  53  4:33  Assimilator  
  53  4:36  Adept x2  
  53  4:37  Adept  
  59  4:40  Pylon, Mothership Core  
  61  4:47  Probe  
  62  4:58  Pylon, Adept x2  
  62  4:59  Probe (Chrono Boost), Adept  
  69  5:00  Probe (Chrono Boost)  
  69  5:04  Pylon  
  70  5:10  Robotics Facility  
  70  5:16  Forge, Probe (Chrono Boost)  
  70  5:18  Probe (Chrono Boost)  
  72  5:21  Sentry x2  
  72  5:23  Sentry  
  72  5:27  Probe (Chrono Boost)  
  79  5:29  Probe (Chrono Boost)  
  80  5:38  Probe (Chrono Boost)  
  80  5:41  Probe x2 (Chrono Boost)  
  81  5:48  Probe (Chrono Boost)  
  80  5:51  Probe (Chrono Boost)  
  80  5:52  Probe (Chrono Boost), Adept x3  
  79  5:59  Probe (Chrono Boost)  
  79  6:02  Probe (Chrono Boost), Phoenix  
  78  6:07  Observer  
  78  6:09  Probe (Chrono Boost)  
  74  6:11  Probe (Chrono Boost)  
  74  6:13  Probe (Chrono Boost)  
  74  6:19  Probe (Chrono Boost)  
  74  6:22  Probe (Chrono Boost)  
  74  6:23  Probe (Chrono Boost)  
  74  6:25  Adept x3  
  78  6:31  Probe (Chrono Boost)  
  80  6:32  Probe (Chrono Boost)  
  80  6:33  Protoss Ground Weapons Level 1 (Chrono Boost)  
  80  6:34  Probe (Chrono Boost)  
  80  6:35  Warp Prism  
  83  6:42  Gateway  
  83  6:43  Gateway  
  83  6:44  Probe (Chrono Boost)  
  83  6:45  Templar Archives  
  83  6:46  Probe  
  85  6:52  Probe  
  86  6:55  Probe  
  85  7:01  Adept x2  
  85  7:02  Adept  
  85  7:04  Probe x2  
  85  7:06  Charge (Chrono Boost), Immortal  
  96  7:15  Assimilator  
  96  7:16  Assimilator  
  96  7:23  Probe x2  
  96  7:24  Probe  
  96  7:26  Pylon  
  96  7:29  Pylon  
  99  7:40  Immortal  
  99  7:48  Probe x2, Pylon  
  99  7:50  Pylon  
  105  7:56  High Templar x4  
  109  7:58  Probe  
  108  8:11  Archon  
  108  8:12  Archon  
  108  8:18  Gateway  
  108  8:19  Gateway  
  110  8:20  Pylon, Robotics Facility  
  101  8:29  Adept x5  
Show
View Real Time Build Order
Export as new Build Order

TRUE Zerg - Winner!

Build Orders: Hatch First 

Get SALT Encoding   

  12  0:00  Drone  
  13  0:08  Drone  
  14  0:33  Hatchery  
  13  0:37  Drone  
  14  0:45  Overlord  
  14  0:51  Extractor, Drone  
  15  1:03  Drone x2  
  17  1:11  Extractor  
  16  1:15  Spawning Pool  
  15  1:19  Drone  
  15  1:22  Drone  
  17  1:31  Drone  
  18  1:42  Drone  
  18  1:45  Drone  
  20  1:53  Drone  
  21  1:57  Drone  
  22  2:02  Queen x2  
  26  2:09  Overlord  
  26  2:17  Drone  
  26  2:20  Drone  
  28  2:27  Drone x2  
  28  2:29  Drone  
  31  2:38  Drone  
  31  2:41  Zergling x2  
  33  2:44  Pneumatized Carapace  
  33  2:46  Overlord  
  33  2:51  Drone  
  34  2:58  Drone  
  35  3:04  Drone  
  36  3:09  Overlord  
  36  3:11  Metabolic Boost  
  36  3:14  Overlord  
  36  3:28  Hatchery, Drone x2  
  36  3:29  Drone x3  
  36  3:31  Drone  
  41  3:38  Queen  
  41  3:41  Evolution Chamber  
  42  3:43  Drone x3  
  42  3:44  Overlord  
  42  3:45  Drone  
  46  3:52  Queen  
  48  3:56  Overlord  
  48  3:57  Drone  
  48  4:00  Drone x2  
  51  4:05  Drone  
  51  4:06  Zerg Melee Weapons Level 1  
  52  4:13  Overlord  
  52  4:15  Queen  
  54  4:21  Drone x5  
  54  4:23  Drone  
  60  4:24  Drone  
  60  4:28  Baneling Nest  
  60  4:30  Drone  
  60  4:35  Drone  
  61  4:39  Zergling x2  
  62  4:46  Queen  
  62  4:49  Lair  
  62  4:52  Extractor  
  63  4:54  Extractor  
  63  4:56  Drone x2  
  63  4:57  Drone x6  
  70  5:02  Overlord  
  70  5:07  Overlord  
  70  5:09  Zergling x2  
  71  5:14  Baneling x2  
  71  5:15  Zergling x4  
  71  5:18  Zergling x6  
  71  5:19  Zergling x2  
  77  5:23  Zergling x6  
  77  5:24  Zergling x2  
  77  5:26  Baneling x2, Zergling x2  
  82  5:30  Zergling x6  
  82  5:34  Zergling x2  
  85  5:38  Overlord  
  78  5:45  Zergling x2  
  75  5:51  Zergling x4  
  75  5:53  Zergling x2  
  71  5:57  Drone x5  
  71  5:58  Drone x3  
  71  5:59  Drone  
  77  6:06  Drone x2  
  76  6:13  Drone x2  
  76  6:14  Drone, Overlord  
  76  6:17  Drone x2  
  81  6:18  Zerg Missile Weapons Level 1  
  81  6:20  Hydralisk Den  
  80  6:30  Overlord  
  78  6:43  Hatchery  
  78  6:46  Drone x3  
  78  6:47  Extractor x2  
  79  6:51  Hydralisk x2, Muscular Augments  
  79  6:52  Hydralisk x2  
  79  6:53  Hydralisk  
  86  6:57  Drone  
  86  6:58  Drone x2  
  86  7:00  Extractor, Hydralisk  
  92  7:04  Overlord  
  92  7:05  Overlord  
  92  7:08  Overlord  
  92  7:15  Drone x3  
  95  7:16  Overlord  
  95  7:17  Hydralisk  
  95  7:18  Hydralisk  
  95  7:20  Hydralisk  
  101  7:23  Hydralisk  
  101  7:25  Hydralisk  
  101  7:27  Hydralisk  
  107  7:30  Hydralisk  
  107  7:33  Hydralisk  
  107  7:36  Hydralisk  
  111  7:39  Hydralisk  
  115  7:48  Hydralisk x3, Overlord  
  121  7:54  Hydralisk  
  121  7:55  Hydralisk  
  121  7:57  Zergling x2  
  121  7:58  Zergling x10  
  127  8:01  Hydralisk  
  127  8:05  Hydralisk  
  125  8:09  Hydralisk  
  126  8:13  Zergling x6  
  126  8:15  Zergling x2  
  126  8:17  Zergling x2  
  131  8:20  Zergling x2  
  131  8:21  Zergling x2  
  131  8:23  Zergling x2  
  131  8:24  Zergling x2  
  131  8:25  Zergling x2  
  131  8:26  Zergling x2  
  135  8:27  Zergling x2  
  135  8:29  Zergling x2  
Tags
 
Add a new tag
Caveats
  • Supply blocks, unpowered buildings, or Contaminate may cause inaccurate times.
  • Supply counts are checked every 10 seconds.